EL
BIRMINGHAM BARONS @ FRISCO ROUGHRIDERS
08/07/2045
 
TOP OF THE 1ST
Birmingham Barons batting - Pitching for Frisco RoughRiders : RHP Danny Walker
Pitching: RHP Danny Walker
Batting: RHB Adam Lambert 0-0: Ground out 5-3 (Groundball, 56, EV 88.8 MPH)
Batting: SHB In-sung Lee 0-0: Ball
1-0: Ball
2-0: Ball
3-0: Called Strike
3-1: Foul Ball, location: 2F
3-2: Ground out 2-3 (Groundball, 15S, EV 67.5 MPH)
Batting: LHB Dustin Taylor 0-0: Called Strike
0-1: Swinging Strike
0-2: Ball
1-2: Strikes out swinging
Top of the 1st over - 0 runs, 0 hits, 0 errors, 0 left on base; Birmingham 0 - Frisco 0
BOTTOM OF THE 1ST
Frisco RoughRiders batting - Pitching for Birmingham Barons : RHP Oscar Munoz
Pitching: RHP Oscar Munoz
Batting: RHB Joe Kemp 0-0: Swinging Strike
0-1: Foul Ball, location: 2F
0-2: Strikes out looking
Batting: LHB Justin Balthazor 0-0: SINGLE (Line Drive, 3D, EV 105.6 MPH)
Batting: LHB Franklin Quezada 0-0: Fielders Choice at 2nd, 4-6 (Groundball, 34D, EV 88.8 MPH)
Batting: RHB Andres Valles 0-0: Ball
Franklin Quezada is caught stealing 2nd base 2-4
Bottom of the 1st over - 0 runs, 1 hit, 0 errors, 0 left on base; Birmingham 0 - Frisco 0
TOP OF THE 2ND
Birmingham Barons batting - Pitching for Frisco RoughRiders : RHP Danny Walker
Batting: LHB Alberto Carrasco 0-0: Ball
1-0: Ground out 6-3 (Groundball, 6, EV 108.1 MPH)
Batting: RHB Mike Warzecha 0-0: Called Strike
0-1: Ball
1-1: Swinging Strike
1-2: Ground out 6-3 (Groundball, 6M, EV 103.1 MPH)
Batting: LHB Preston Knaak 0-0: Swinging Strike
0-1: Called Strike
0-2: Ball
1-2: Strikes out swinging
Top of the 2nd over - 0 runs, 0 hits, 0 errors, 0 left on base; Birmingham 0 - Frisco 0
BOTTOM OF THE 2ND
Frisco RoughRiders batting - Pitching for Birmingham Barons : RHP Oscar Munoz
Batting: RHB Andres Valles 0-0: Ball
1-0: Called Strike
1-1: Ball
2-1: SOLO HOME RUN (Flyball, 9D, EV 96.2 MPH), Distance : 375 ft
Batting: RHB Alex Sandoval 0-0: Called Strike
0-1: Ball
1-1: Foul Ball, location: 2F
1-2: Ball
2-2: Foul Ball, location: 2F
2-2: Fly out, F7 (Line Drive, 7LM, EV 99.4 MPH)
Batting: RHB Dennis Daniels 0-0: Called Strike
0-1: Ground out 5-3 (Groundball, 5, EV 105.6 MPH)
Batting: RHB C.J. Sagle 0-0: Called Strike
0-1: Foul Ball, location: 2F
0-2: Foul Ball, location: 2F
0-2: Ball
1-2: Ground out 6-3 (Groundball, 56, EV 88.8 MPH)
Bottom of the 2nd over - 1 run, 1 hit, 0 errors, 0 left on base; Birmingham 0 - Frisco 1
TOP OF THE 3RD
Birmingham Barons batting - Pitching for Frisco RoughRiders : RHP Danny Walker
Batting: RHB Hector Padilla 0-0: Foul Ball, location: 2F
0-1: Foul Ball, location: 2F
0-2: Strikes out swinging
Batting: LHB Wes Goscinski 0-0: Foul Ball, location: 2F
0-1: Ball
1-1: Swinging Strike
1-2: Foul Ball, location: 2F
1-2: Ball
2-2: Strikes out looking
Batting: RHB Jamie Ogilvie 0-0: Ball
1-0: Called Strike
1-1: Ball
2-1: Ball
3-1: Called Strike
3-2: Foul Ball, location: 2F
3-2: Foul Ball, location: 2F
3-2: SINGLE (Line Drive, 56D, EV 100.0 MPH)
Batting: RHB Adam Lambert 0-0: Ball
1-0: Called Strike
1-1: Ball
2-1: Ball
3-1: Ground out 5-3 (Groundball, 25, EV 86.2 MPH)
Top of the 3rd over - 0 runs, 1 hit, 0 errors, 1 left on base; Birmingham 0 - Frisco 1
BOTTOM OF THE 3RD
Frisco RoughRiders batting - Pitching for Birmingham Barons : RHP Oscar Munoz
Batting: RHB Jason Sher 0-0: Ball
1-0: Ball
2-0: SINGLE (Groundball, 56D, EV 95.6 MPH)
Batting: RHB Zach Thomason 0-0: Called Strike
0-1: Ball
1-1: Ball
2-1: Swinging Strike
2-2: Ball
Wild Pitch!
Jason Sher to second
3-2: Foul Ball, location: 2F
3-2: Strikes out looking
Batting: RHB Joe Kemp 0-0: Ball
1-0: Called Strike
Jason Sher steals 3rd base
1-1: Ball
2-1: Foul Ball, location: 2F
2-2: 2-RUN HOME RUN (Flyball, 9D, EV 97.5 MPH), Distance : 379 ft
Batting: LHB Justin Balthazor 0-0: Foul Ball, location: 2F
0-1: Ball
1-1: Ball
2-1: DOUBLE (Flyball, 89XD, EV 100.6 MPH)
Batting: LHB Franklin Quezada 0-0: Called Strike
0-1: SINGLE (Groundball, 6MS, EV 63.8 MPH) (infield hit)
Justin Balthazor to third
Batting: RHB Andres Valles 0-0: Ball
Franklin Quezada steals 2nd base
1-0: Foul Ball, location: 2F
1-1: Ball
2-1: Ground out 6-3 (Groundball, 6, EV 96.9 MPH)
Justin Balthazor scores
Batting: RHB Alex Sandoval 0-0: Called Strike
0-1: Foul Ball, location: 2F
0-2: Ball
Balk!
Franklin Quezada to third
1-2: Foul Ball, location: 2F
1-2: Foul Ball, location: 2F
1-2: Ball
2-2: Strikes out looking
Bottom of the 3rd over - 3 runs, 4 hits, 0 errors, 1 left on base; Birmingham 0 - Frisco 4
TOP OF THE 4TH
Birmingham Barons batting - Pitching for Frisco RoughRiders : RHP Danny Walker
Batting: SHB In-sung Lee 0-0: Ball
1-0: Ball
2-0: Foul Ball, location: 2F
2-1: Ball
3-1: Called Strike
3-2: Strikes out looking
Batting: LHB Dustin Taylor 0-0: DOUBLE (Groundball, 5L, EV 106.9 MPH)
Batting: LHB Alberto Carrasco 0-0: Ball
1-0: Called Strike
1-1: Ball
2-1: Called Strike
2-2: Strikes out swinging
Batting: RHB Mike Warzecha 0-0: Fly out, F3 (Line Drive, 3, EV 75.6 MPH)
Top of the 4th over - 0 runs, 1 hit, 0 errors, 1 left on base; Birmingham 0 - Frisco 4
BOTTOM OF THE 4TH
Frisco RoughRiders batting - Pitching for Birmingham Barons : RHP Oscar Munoz
Batting: RHB Dennis Daniels 0-0: Called Strike
0-1: Ball
1-1: Fly out, F8 (Flyball, 8LS, EV 85.0 MPH)
Batting: RHB C.J. Sagle 0-0: Ball
1-0: Foul Ball, location: 2F
1-1: Foul Ball, location: 2F
1-2: Ball
2-2: SOLO HOME RUN (Flyball, 7LD, EV 96.2 MPH), Distance : 360 ft
Pitching: RHP Manny Thompson
Batting: RHB Jason Sher 0-0: SINGLE (Groundball, 56, EV 103.8 MPH) (infield hit)
Batting: RHB Zach Thomason 0-0: Called Strike
Jason Sher steals 2nd base (no throw)
0-1: Ball
1-1: Foul Ball, location: 2F
1-2: Ball
2-2: Ball
3-2: Fly out, F9 (Flyball, 9LS, EV 77.5 MPH)
Batting: RHB Joe Kemp 0-0: Ball
1-0: Swinging Strike
1-1: Swinging Strike
1-2: Ball
2-2: Ball
3-2: SINGLE (Flyball, 89S, EV 94.4 MPH)
Jason Sher to third
Runner from 3rd tries for Home, SAFE, throw by RF to home
Batting: LHB Justin Balthazor 0-0: Called Strike
0-1: Ball
Joe Kemp steals 2nd base
1-1: Ground out 4-3 (Groundball, 4, EV 103.1 MPH)
Bottom of the 4th over - 2 runs, 3 hits, 0 errors, 1 left on base; Birmingham 0 - Frisco 6
TOP OF THE 5TH
Birmingham Barons batting - Pitching for Frisco RoughRiders : RHP Danny Walker
Batting: LHB Preston Knaak 0-0: Ball
1-0: Swinging Strike
1-1: Ball
2-1: Swinging Strike
2-2: Foul Ball, location: 2F
2-2: Strikes out swinging
Batting: RHB Hector Padilla 0-0: Ball
1-0: Ground out 4-3 (Groundball, 4M, EV 87.5 MPH)
Batting: LHB Wes Goscinski 0-0: Called Strike
0-1: Swinging Strike
0-2: Foul Ball, location: 2F
0-2: Foul Ball, location: 2F
0-2: Ball
1-2: Fly out, F6 (Flyball, 6D, EV 78.8 MPH)
Top of the 5th over - 0 runs, 0 hits, 0 errors, 0 left on base; Birmingham 0 - Frisco 6
BOTTOM OF THE 5TH
Frisco RoughRiders batting - Pitching for Birmingham Barons : RHP Manny Thompson
Batting: LHB Franklin Quezada 0-0: Ball
1-0: Ground out 6-3 (Groundball, 6M, EV 105.0 MPH)
Batting: RHB Andres Valles 0-0: Ball
1-0: Called Strike
1-1: Ball
2-1: Ball
3-1: Base on Balls
Batting: RHB Alex Sandoval 0-0: Called Strike
0-1: Foul Ball, location: 2F
0-2: Ball
1-2: Fly out, F8 (Flyball, 8RM, EV 88.8 MPH)
Batting: RHB Dennis Daniels 0-0: Called Strike
0-1: Called Strike
0-2: Foul Ball, location: 2F
0-2: Strikes out swinging
Bottom of the 5th over - 0 runs, 0 hits, 0 errors, 1 left on base; Birmingham 0 - Frisco 6
TOP OF THE 6TH
Birmingham Barons batting - Pitching for Frisco RoughRiders : RHP Danny Walker
Batting: RHB Jamie Ogilvie 0-0: Ball
1-0: Swinging Strike
1-1: Ball
2-1: Ball
3-1: Foul Ball, location: 2F
3-2: Base on Balls
Batting: RHB Adam Lambert 0-0: Fly out, F4 (Line Drive, 4, EV 65.0 MPH)
Batting: SHB In-sung Lee 0-0: Foul Ball, location: 2F
0-1: Fly out, F8 (Flyball, 8LD, EV 98.8 MPH)
Batting: LHB Dustin Taylor 0-0: Called Strike
0-1: Ball
1-1: Ball
2-1: Foul Ball, location: 2F
2-2: SINGLE (Line Drive, 4MD, EV 103.1 MPH)
Jamie Ogilvie to second
Batting: LHB Alberto Carrasco 0-0: Called Strike
0-1: Ball
1-1: Ball
2-1: Ball
3-1: Ground out 5-3 (Groundball, 56S, EV 63.8 MPH)
Top of the 6th over - 0 runs, 1 hit, 0 errors, 2 left on base; Birmingham 0 - Frisco 6
BOTTOM OF THE 6TH
Frisco RoughRiders batting - Pitching for Birmingham Barons : RHP Manny Thompson
Batting: RHB C.J. Sagle 0-0: Ball
1-0: Foul Ball, location: 2F
1-1: Swinging Strike
1-2: Strikes out swinging
Batting: RHB Jason Sher 0-0: Ball
1-0: Called Strike
1-1: Ball
2-1: Swinging Strike
2-2: Foul Ball, location: 2F
2-2: Fly out, F7 (Line Drive, 7, EV 91.2 MPH)
Batting: RHB Zach Thomason 0-0: Ball
1-0: Ground out 6-3 (Groundball, 6S, EV 66.2 MPH)
Bottom of the 6th over - 0 runs, 0 hits, 0 errors, 0 left on base; Birmingham 0 - Frisco 6
TOP OF THE 7TH
Birmingham Barons batting - Pitching for Frisco RoughRiders : RHP Danny Walker
Batting: RHB Mike Warzecha 0-0: Swinging Strike
0-1: Swinging Strike
0-2: Ball
1-2: SOLO HOME RUN (Flyball, 7D, EV 95.6 MPH), Distance : 385 ft
Batting: LHB Preston Knaak 0-0: Ball
1-0: Foul Ball, location: 2F
1-1: Fly out, F7 (Flyball, 78M, EV 88.1 MPH)
Batting: RHB Hector Padilla 0-0: Ball
1-0: Foul Ball, location: 2F
1-1: Foul Ball, location: 2F
1-2: Ground out 5-3 (Groundball, 56, EV 106.2 MPH)
Batting: LHB Wes Goscinski 0-0: Foul Ball, location: 2F
0-1: Foul Ball, location: 2F
0-2: Foul Ball, location: 2F
0-2: Foul Ball, location: 2F
0-2: Ball
1-2: Ball
2-2: Ball
3-2: Ground out 6-3 (Groundball, 4M, EV 84.4 MPH)
Top of the 7th over - 1 run, 1 hit, 0 errors, 0 left on base; Birmingham 1 - Frisco 6
BOTTOM OF THE 7TH
Frisco RoughRiders batting - Pitching for Birmingham Barons : RHP Manny Thompson
Batting: RHB Joe Kemp 0-0: Ball
1-0: Ball
2-0: Foul Ball, location: 2F
2-1: Ground out 6-3 (Groundball, 6, EV 83.8 MPH)
Batting: LHB Justin Balthazor 0-0: Ball
1-0: SINGLE (Groundball, 6MD, EV 102.5 MPH)
Batting: LHB Franklin Quezada 0-0: Ball
Passed Ball!
Justin Balthazor to second
1-0: Ball
2-0: Foul Ball, location: 2F
2-1: Swinging Strike
2-2: Ground out U3 (Groundball, 3S, EV 66.2 MPH)
Justin Balthazor to third
Batting: RHB Andres Valles 0-0: Ball
1-0: Fly out, F3 (Popup, 3SF, EV 70.6 MPH)
Bottom of the 7th over - 0 runs, 1 hit, 0 errors, 1 left on base; Birmingham 1 - Frisco 6
TOP OF THE 8TH
Birmingham Barons batting - Pitching for Frisco RoughRiders : RHP Danny Walker
Pitching: RHP Orlando Mendoza
Batting: RHB Jamie Ogilvie 0-0: Foul Ball, location: 2F
0-1: Fly out, F9 (Line Drive, 9, EV 93.1 MPH)
Batting: RHB Adam Lambert 0-0: Fly out, F3 (Popup, 3, EV 66.2 MPH)
Batting: SHB In-sung Lee 0-0: Ball
1-0: Ball
2-0: Ball
3-0: Called Strike
3-1: Base on Balls
Batting: LHB Dustin Taylor 0-0: Called Strike
0-1: Ball
1-1: Fielders Choice at 2nd, 6-4 (Groundball, 6, EV 98.8 MPH)
Top of the 8th over - 0 runs, 0 hits, 0 errors, 1 left on base; Birmingham 1 - Frisco 6
BOTTOM OF THE 8TH
Frisco RoughRiders batting - Pitching for Birmingham Barons : RHP Manny Thompson
Batting: RHB Alex Sandoval 0-0: Swinging Strike
0-1: Ball
1-1: Ball
2-1: Ball
3-1: Swinging Strike
3-2: Ground out 5-3 (Groundball, 5D, EV 82.5 MPH)
Batting: RHB Dennis Daniels 0-0: Foul Ball, location: 2F
0-1: Ground out 5-3 (Groundball, 56S, EV 83.1 MPH)
Batting: RHB C.J. Sagle 0-0: Called Strike
0-1: Reached on error, E6 (Groundball, 6, EV 81.2 MPH)
Pitching: LHP Nick Hamlin
Batting: RHB Jason Sher 0-0: Ball
1-0: Foul Ball, location: 2F
1-1: Ball
2-1: Fly out, F4 (Popup, 4, EV 59.4 MPH)
Bottom of the 8th over - 0 runs, 0 hits, 1 error, 1 left on base; Birmingham 1 - Frisco 6
TOP OF THE 9TH
Birmingham Barons batting - Pitching for Frisco RoughRiders : RHP Orlando Mendoza
Batting: LHB Alberto Carrasco 0-0: Fly out, F8 (Line Drive, 8LD, EV 90.6 MPH)
Batting: RHB Mike Warzecha 0-0: Ball
1-0: Swinging Strike
1-1: DOUBLE (Line Drive, 78D, EV 110.0 MPH)
Batting: LHB Preston Knaak 0-0: Foul Ball, location: 2F
0-1: Foul Ball, location: 2F
0-2: Foul Ball, location: 2F
0-2: Foul Ball, location: 2F
0-2: Strikes out swinging
Batting: RHB Hector Padilla 0-0: Called Strike
0-1: Ball
1-1: Swinging Strike
1-2: Strikes out looking
Top of the 9th over - 0 runs, 1 hit, 0 errors, 1 left on base; Birmingham 1 - Frisco 6
Wednesday, June 22nd , 2022 - OOTP Baseball 23.4 Build 64